 Dungeon Crawl Stone Soup version 0.31.0-9-g3a7656b989 (webtiles) character file.

Game seed: 17397831882424684001

343 qw the Skirmisher (level 6, -2/35 HPs)
             Began as a Deep Elf Hunter on Feb 2, 2024.
             Slain by Duvessa
             ... wielding a +0 short sword
              (13 damage)
             ... on level 4 of the Dungeon.
             The game lasted 00:00:11 (3039 turns).

qw the Skirmisher (Deep Elf Hunter)                 Turns: 3039, Time: 00:00:12

Health: -2/35      AC:  7    Str: 14    XL:     6   Next: 31%
Magic:  17/17      EV: 13    Int: 14    God:
Gold:   176        SH:  0    Dex: 18    Spells: 5/5 levels left

rFire   . . .        a - +1 shortbow
rCold   . . .        (shield currently unavailable)
rNeg    + . .        g - +0 leather armour of Untold Secrets {Fly rN+ Str+4 Stlth-}
rPois   +            f - +0 helmet
rElec   .            (no cloak)
rCorr   .            d - +0 pair of gloves
SInv    .            e - +1 pair of boots
Will    .....        (no amulet)
Stlth   +            i - ring "Coniakk" {rPois MP+9 Slay+3}
HPRegen 0.25/turn    (no ring)
MPRegen 0.15/turn

%: no passive effects
@: flying
A: no striking features
a: no special abilities


You were on level 4 of the Dungeon.
You visited 1 branch of the dungeon, and saw 4 of its levels.

You collected 176 gold pieces.


   Skills:
 - Level 2.0 Fighting
 + Level 9.5 Ranged Weapons
 - Level 3.2 Dodging
 - Level 1.2 Stealth


You had 5 spell levels left.
You didn't know any spells.
Your spell library was empty.

Inventory:

Hand Weapons
 a - a +1 shortbow (weapon)
Armour
 d - a +0 pair of gloves (worn)
 e - a +1 pair of boots (worn)
 f - a +0 helmet (worn)
 g - the +0 leather armour of Untold Secrets (worn) {Fly rN+ Str+4 Stlth-}
   (You found it on level 2 of the Dungeon)

   Str+4:     It affects your strength (+4).
   rN+:       It protects you from negative energy.
   Fly:       It grants you flight.
   Stlth-:    It makes you less stealthy.
Jewellery
 i - the ring "Coniakk" (left hand) {rPois MP+9 Slay+3}
   (You found it on level 3 of the Dungeon)

   [ring of magical power]

   Slay+3:    It affects your accuracy & damage with ranged weapons and melee
   (+3).
   rPois:     It protects you from poison MP+9: It affects your magic capacity
   (+9).
 k - a +6 ring of dexterity
Scrolls
 c - a scroll of immolation {unknown}
 l - a scroll of vulnerability {unknown}
Potions
 h - 2 potions of curing
 j - 2 potions of enlightenment
 m - a potion of haste {unknown}
 n - a potion of lignification {unknown}

Dungeon Overview and Level Annotations

Branches:
Dungeon (4/15)
 Temple: D:4-7

Altars:
Gozag
Ru
Trog

Shops:
D:3 :(   D:4 =

Annotations:
D:4 Duvessa


Message History

You shoot an arrow. The arrow hits Duvessa!
Duvessa is severely wounded.
Duvessa barely misses you. Duvessa hits you with a +0 short sword.
You shoot an arrow. The arrow closely misses Duvessa.
Duvessa hits you with a +0 short sword.
You shoot an arrow. The arrow hits Duvessa.
Duvessa is severely wounded.
Your surroundings suddenly seem different.
You start resting.
HP restored.
You see here a +0 hand axe.
You see here a +0 pair of gloves.
There is an open door, spattered with blood here.
Things that are here:
a +1 dagger of draining; a +0 robe You reach down and open the door.
You shoot an arrow. The arrow hits Duvessa!
Duvessa is heavily wounded.
There is an open door, spattered with blood here.
Things that are here:
a +1 dagger of draining; a +0 robe You shoot an arrow.
The arrow barely misses Duvessa.
Duvessa rages.
Duvessa closely misses you.
You shoot an arrow.
The arrow hits Duvessa but does no damage.
Duvessa is heavily wounded.
Duvessa hits you with a +0 short sword!
You shoot an arrow.
The arrow hits Duvessa but does no damage.
Duvessa is heavily wounded.
Duvessa hits you with a +0 short sword! Duvessa misses you.
You shoot an arrow. The arrow hits Duvessa.
Duvessa is heavily wounded.
Duvessa hits you with a +0 short sword.
You shoot an arrow.
The arrow hits Duvessa but does no damage.
Duvessa is heavily wounded.
Duvessa hits you with a +0 short sword!
You die...

7...7.....## #...#
.~.~.~#....####.#.#
..7...#...........#
.~.~.~##..#######.#
7...7.##..##.#.8#.#######
.~.~.#.##.#..#.8#........
######....##'#'##.#.#####
# ##.##.#}....#e..# ##
##.....#8....@..##
.###.####.#}....#..#
....## #.#######.## #####
#.........# #####.)####
##.## #...########
#........... #...########


You could see Duvessa (berserk).

Vanquished Creatures
  Menkaure (D:4)
  Dowan (D:4)
  A hound (D:4)
  2 orc wizards
  2 adders
  2 dart slugs
  A ribbon worm (D:3)
  2 orcs (D:4)
  7 ball pythons
  5 bats
  7 endoplasms
  5 giant cockroaches
  5 goblins
  4 hobgoblins
  2 jackals (D:1)
  7 kobolds
  4 quokkas
  A frilled lizard (D:3)
  8 rats
67 creatures vanquished.

Notes
Turn   | Place    | Note
-------+----------+-------------------------------------------
     0 | D:1      | qw the Deep Elf Hunter began the quest for the Orb.
     0 | D:1      | Reached XP level 1. HP: 12/12 MP: 3/3
     0 | D:1      | 0 ||| qw: Version: 0.3-a-155-g5e7d8dd
     0 | D:1      | 0 ||| qw: Game counter: 683
     0 | D:1      | 0 ||| qw: Melee chars always use a shield: true
     0 | D:1      | 0 ||| qw: God list: Okawaru
     0 | D:1      | 0 ||| qw: Allow faded altars: false
     0 | D:1      | 0 ||| qw: Do Orc after clearing Dungeon:15 true
     0 | D:1      | 0 ||| qw: Do second Lair branch before Depths: true
     0 | D:1      | 0 ||| qw: Lair rune preference: random
     0 | D:1      | 0 ||| qw: Goals: Normal
     0 | D:1      | 0 ||| PLANNING D:1-11
    89 | D:1      | Reached XP level 2. HP: 16/16 MP: 4/4
   116 | D:1      | Reached skill level 6 in Ranged Weapons
   464 | D:1      | Reached XP level 3. HP: 19/20 MP: 5/5
   635 | D:1      | 635 ||| UPGRADING to +1 pair of boots.
   640 | D:1      | 640 ||| DROPPING ring of wizardry.
   641 | D:1      | 641 ||| READING scroll labelled UREUGH TEUZ.
   644 | D:1      | 644 ||| READING scroll labelled PUUZAONOMP.
   644 | D:1      | 644 ||| ENCHANTING +0 shortbow.
   645 | D:1      | 645 ||| READING scroll labelled JOPNIS MERPH.
   645 | D:1      | 645 ||| IDENTIFYING scroll labelled DEOQEV NESES
   646 | D:1      | 646 ||| DROPPING scroll of butterflies.
   647 | D:1      | 647 ||| DROPPING scroll of fear.
   819 | D:2      | Identified the +0 leather armour of Untold Secrets {Fly rN+
                  | Str+4 Stlth-}
   827 | D:2      | Found a faded altar of an unknown god.
   852 | D:2      | Reached skill level 7 in Ranged Weapons
  1256 | D:2      | 1256 ||| UPGRADING to +0 pair of gloves.
  1261 | D:2      | 1261 ||| UPGRADING to +0 leather armour of Untold Secrets
                  | {Fly rN+ Str+4 Stlth-}.
  1271 | D:2      | 1271 ||| DROPPING +0 leather armour.
  1272 | D:2      | 1272 ||| READING scroll labelled OCWOUDA ROHO.
  1373 | D:2      | 1373 ||| READING scroll labelled HUSOEX QIAMOOG.
  1374 | D:2      | 1374 ||| READING scroll labelled OTATASHREF POBB.
  1375 | D:2      | 1375 ||| DRINKING 2 glowing yellow potions.
  1419 | D:3      | Found an opulent altar of Gozag.
  1570 | D:3      | Found a sacrificial altar of Ru.
  1584 | D:3      | Reached XP level 4. HP: 20/25 MP: 6/6
  1584 | D:3      | 1584 ||| FLEEEEING.
  1585 | D:3      | 1585 ||| FLEEEEING.
  1586 | D:3      | 1586 ||| FLEEEEING.
  1587 | D:3      | 1587 ||| FLEEEEING.
  1588 | D:3      | 1588 ||| FLEEEEING.
  1589 | D:3      | 1589 ||| FLEEEEING.
  1590 | D:3      | 1590 ||| FLEEEEING.
  1591 | D:3      | 1591 ||| FLEEEEING.
  1592 | D:3      | 1592 ||| FLEEEEING.
  1593 | D:3      | 1593 ||| FLEEEEING.
  1594 | D:3      | 1594 ||| FLEEEEING.
  1595 | D:3      | 1595 ||| FLEEEEING.
  1739 | D:3      | Found Liab's Antique Weapon Emporium.
  1758 | D:3      | 1758 ||| SHOPLISTING crystal orcbow (178 gold, have 86).
  1808 | D:3      | Identified the ring "Coniakk" {rPois MP+9 Slay+3}
  2040 | D:3      | Found Ystron's Book Emporium.
  2049 | D:3      | 2049 ||| UPGRADING to +0 helmet.
  2256 | D:3      | 2256 ||| UPGRADING to ring "Coniakk" {rPois MP+9 Slay+3}.
  2321 | D:3      | 2321 ||| DROPPING ring of magical power.
  2322 | D:3      | 2322 ||| READING scroll of identify.
  2322 | D:3      | 2322 ||| IDENTIFYING 2 yellow potions
  2323 | D:3      | 2323 ||| READING scroll labelled XEGHIWN ENAAFO.
  2362 | D:4      | Found Wab Xaps's Jewellery Shoppe.
  2369 | D:4      | Reached skill level 8 in Ranged Weapons
  2371 | D:4      | 2371 ||| SHOPLISTING +4 ring of slaying (858 gold, have
                  | 90).
  2371 | D:4      | 2371 ||| SHOPLISTING +6 ring of dexterity (396 gold, have
                  | 90).
  2371 | D:4      | 2371 ||| SHOPLISTING amulet of reflection (330 gold, have
                  | 90).
  2371 | D:4      | 2371 ||| SHOPLISTING amulet of the acrobat (330 gold, have
                  | 90).
  2371 | D:4      | 2371 ||| SHOPLISTING ring of Peeckues {rElec Str+6 Slay+3}
                  | (688 gold, have 90).
  2371 | D:4      | 2371 ||| SHOPLISTING ring of the Trout {rF+ MP+9 SInv
                  | Stlth+} (451 gold, have 90).
  2389 | D:4      | Reached skill level 3 in Dodging
  2398 | D:4      | Noticed Menkaure
  2404 | D:4      | Killed Menkaure
  2405 | D:4      | Reached skill level 9 in Ranged Weapons
  2405 | D:4      | Reached XP level 5. HP: 17/29 MP: 7/7
  2632 | D:4      | Found a bloodstained altar of Trog.
  2776 | D:4      | Reached XP level 6. HP: 35/35 MP: 8/8
  2839 | D:4      | Noticed Duvessa
  2839 | D:4      | Noticed Dowan
  2852 | D:4      | Killed Dowan
  2854 | D:4      | HP: 7/35 [Duvessa/+0 short sword (3)]
  2855 | D:4      | 2855 ||| READING scroll of teleportation.
  2856 | D:4      | HP: 2/35 [Duvessa/+0 short sword (6)]
  3039 | D:4      | Slain by Duvessa

Levels and vault maps discovered:
D:1:      dpeg_arrival_stonehenge_8_columns, layout_basic
D:2:      layout_basic, serial_bayou, serial_bayou_pond_d, serial_bayou_pond_b,
          serial_bayou_pond_e, serial_bayou_shore_a,
          ebering_ecumenical_altar_petrified
D:3:      layout_rooms, grunt_gozag_breadcrumbs,
          nicolae_ru_great_annihilating_truth, serial_shops, nicolae_shop_trees,
          shop, serial_co_window_serial, co_window_corner_a, co_window_paths_a,
          co_window_of_opportunity_a, co_window_paths_a, co_window_corner_a,
          co_window_unsneaky_path_d, co_window_broadway_a,
          co_window_of_opportunity_b, co_window_corner_b, co_window_broadway_c,
          co_window_unsneaky_path_a, glass_columns_a, glass_columns_a,
          glass_columns_b
D:4:      dreamdust_elfheim, layout_loops_ring, lemuel_round_altar,
          serial_shops, shop, nicolae_shop_distant_corner_stores,
          kennysheep_crisscross, uniq_menkaure, uniq_pikel

Skill      XL: |  1  2  3  4  5 |
---------------+----------------+-----
Ranged Weapons | 6 7 9 |  9.5
Dodging        | 3 |  3.2
Fighting       | 2 |  2.0
Stealth        | |  1.2

Action                     |  1- 3 |  4- 6 || total
---------------------------+-------+-------++-------
   Fire: Shortbow          |   106 |    84 ||   190
    Use: Scroll            |     6 |     3 ||     9
         Potion            |     1 |       ||     1
 Armour: Leather armour    |    20 |    16 ||    36
  Dodge: Dodged            |    17 |    15 ||    32

Table legend:
 A = Non-vault XP
 B = Vault XP
 C = Vault XP percentage of total XP
 D = Non-vault monster count
 E = Vault monster count
 F = Vault count percentage of total count
                 A         B        C        D         E       F
            +---------+---------+-------+---------+---------+-------
      Total |     206 |     285 |  58.0 |      58 |       9 |  13.4
            +---------+---------+-------+---------+---------+-------
        D:1 |      49 |       0 |   0.0 |      28 |       0 |   0.0
        D:2 |      12 |       4 |  25.0 |       6 |       3 |  33.3
        D:3 |      41 |      40 |  49.4 |      16 |       4 |  20.0
        D:4 |     104 |     241 |  69.9 |       8 |       2 |  20.0
            +---------+---------+-------+---------+---------+-------
